 Dungeon Crawl Stone Soup version 0.30-a0-605-gb2882149bf (webtiles) character file.

Game seed: 11418129871277436059

665 bande the Chopper (level 7, -2/44 HPs)
             Began as a Gargoyle Fighter on Jan 7, 2023.
             Slain by a gnoll sergeant
             ... wielding a +6 heavy spear
              (14 damage)
             ... on level 4 of the Dungeon.
             The game lasted 00:05:02 (2687 turns).

bande the Chopper (Gargoyle Fighter)                Turns: 2687, Time: 00:05:02

Health: -2/44      AC: 19    Str: 19    XL:     7   Next: 57%
Magic:  7/7        EV:  5    Int:  9    God:
Gold:   112        SH:  4    Dex: 11    Spells: 6/6 levels left

rFire   . . .      SeeInvis +    p - +0 broad axe
rCold   + + +      Faith    .    c - +0 buckler
rNeg    + + .      Spirit   .    i - +0 plate armour
rPois   ∞          Reflect  .    (no helmet)
rElec   +          Harm     .    f - +0 cloak
rCorr   .          Rampage  .    g - +0 pair of gloves
Will    +....                    (no boots) Stlth
                                 e - amulet "Kithrucea" {rC++ rN+ Will+ Regen+ SInv}
HPRegen 1.07/turn                k - ring of flight
MPRegen 0.10/turn                n - ring of protection from cold

@: flying
A: sickness immunity, AC +4, negative energy resistance 1, electricity
resistance, torment resistance 1, petrification resistance
a: no special abilities


You were on level 4 of the Dungeon.
You visited 1 branch of the dungeon, and saw 4 of its levels.

You collected 112 gold pieces.

Inventory:

Hand Weapons
 a - a +0 war axe
 p - a +0 broad axe (weapon)
Armour
 c - a +0 buckler (worn)
 f - a +0 cloak (worn)
 g - a +0 pair of gloves (worn)
 i - a +0 plate armour (worn)
Jewellery
 e - the amulet "Kithrucea" (around neck) {rC++ rN+ Will+ Regen+ SInv}
   (You acquired it on level 1 of the Dungeon)

   [amulet of regeneration]

   rC:        It greatly protects you from cold.
   rN:        It protects you from negative energy.
   SInv:      It lets you see invisible.
   Regen:     It increases your rate of health regeneration.
   Will:      It increases your willpower.
 k - a ring of flight (left hand)
 n - a ring of protection from cold (right hand)
Wands
 q - a wand of flame (24)
 w - a wand of digging (6)
Scrolls
 h - 2 scrolls of blinking
 o - 2 scrolls of identify
 r - a scroll of torment {unknown}
 u - 4 scrolls of amnesia {unknown}
 v - 3 scrolls of teleportation
Potions
 d - 2 potions of magic {unknown}
 j - 2 potions of lignification {unknown}
 l - 2 potions of cancellation {unknown}
 m - a potion of attraction {unknown}
 s - a potion of berserk rage {unknown}
 t - a potion of flight {unknown}


   Skills:
 + Level 4.5 Fighting
 + Level 5.2 Axes
 + Level 5.2 Armour
 + Level 4.2 Shields
 * Level 1.9 Evocations


You had 6 spell levels left.
You didn't know any spells.
Your spell library contained the following spells:

 Spells                   Type           Power      Damage    Failure   Level
 Kiss of Death            Conj/Necr      0%         2d5       100%        1
 Ensorcelled Hibernation  Hex/Ice        0%         N/A       100%        2
 Wereblood                Tmut           0%         N/A       100%        2
 Confusing Touch          Hex            0%         N/A       100%        3
 Spider Form              Tmut/Pois      0%         N/A       100%        3
 Anguish                  Hex/Necr       0%         N/A       100%        4
 Dispel Undead            Necr           0%         3d6       100%        4
 Summon Hydra             Summ           0%         N/A       100%        7
 Sublimation of Blood     Necr           Unusable   N/A       N/A         2

Dungeon Overview and Level Annotations

Branches:
Dungeon (4/15)
 Temple: D:4-7

Altars:
Uskayaw


Innate Abilities, Weirdness & Mutations

You are immune to sickness and miasma.
Your stone body is resilient. (AC +4)
You are immune to poison.
You resist negative energy. (rN+)
You are resistant to electric shocks. (rElec)
You are resistant to unholy torment.
You are immune to petrification.


Message History

You kill the gnoll!
You hit the gnoll. You barely miss the gnoll.
The gnoll sergeant hits you from afar with a +6 heavy spear.
The gnoll hits you but does no damage.
The gnoll hits you from afar with a +0 spear.
You slash the gnoll!
You kill the gnoll!
You barely miss the gnoll. You block the gnoll's attack.
The gnoll hits you but does no damage. You block the gnoll sergeant's attack.
The gnoll hits you but does no damage. The gnoll hits you with a +0 club.
You completely miss the gnoll.
The gnoll sergeant hits you from afar with a +6 heavy spear.
The gnoll hits you but does no damage. x2
You barely miss the gnoll. The gnoll barely misses you.
The gnoll hits you but does no damage.
The gnoll sergeant hits you from afar with a +6 heavy spear!
You are too injured to fight recklessly!
You are too injured to fight recklessly!
You are too injured to fight recklessly!
You are too injured to fight recklessly!
You are too injured to fight recklessly!
You are too injured to fight recklessly!
You are too injured to fight recklessly!
You are too injured to fight recklessly!
The gnoll hits you but does no damage. x2
The gnoll sergeant hits you but does no damage.
Things that are here:
a +1 whip of electrocution; 2 stones; a kobold corpse You hit the gnoll.
The gnoll is heavily wounded.
You barely miss the gnoll sergeant. You barely miss the gnoll.
You block the gnoll's attack. x2; The gnoll barely misses you.
The gnoll sergeant hits you with a +6 heavy spear.
The gnoll hits you but does no damage.
You barely miss the gnoll sergeant. You hit the gnoll.
You barely miss the gnoll. The gnoll hits you with a +0 club.
The gnoll hits you with a +0 spear.
* * * LOW HITPOINT WARNING * * *
The gnoll sergeant hits you with a +6 heavy spear!
You die...

###
.....###########
#..<<.......#
#####.......#
#<...)..#
##..g@g.#
#....g......
#...........
#...........
#...........
#....)......
############


You could see a gnoll sergeant and 2 gnolls.

Vanquished Creatures
  The ghost of sirJeffrey23 the Trooper, an amateur OgGl (D:3)
  Sigmund (D:3)
  An ogre (D:3)
  A wyvern zombie (D:3)
  A water moccasin skeleton (D:3)
  A bullfrog zombie (D:3)
  An orc wizard (D:3)
  2 gnolls (D:4)
  3 worms
  4 orcs (D:3)
  5 ball pythons
  An endoplasm (D:3)
  4 giant cockroaches
  5 goblins
  5 kobolds
  4 quokkas
  3 bats
  8 frilled lizards
  3 rats
54 creatures vanquished.

Notes
Turn   | Place    | Note
-------+----------+-------------------------------------------
     0 | D:1      | bande the Gargoyle Fighter began the quest for the Orb.
     0 | D:1      | Reached XP level 1. HP: 14/14 MP: 1/1
   258 | D:1      | Reached XP level 2. HP: 18/19 MP: 2/2
   282 | D:1      | You fall into a shaft and drop 1 floor!
   959 | D:1      | Identified a scroll of acquirement
   959 | D:1      | Acquired the amulet "Kithrucea" {rC++ rN+ Will+ Regen+
                  | SInv}
  1256 | D:2      | Reached XP level 3. HP: 23/23 MP: 3/3
  1531 | D:3      | Found a hide-covered altar of Uskayaw.
  1618 | D:3      | Reached XP level 4. HP: 23/29 MP: 4/4
  1730 | D:3      | Noticed Sigmund
  1735 | D:3      | Killed Sigmund
  1736 | D:3      | Reached XP level 5. HP: 33/33 MP: 5/5
  1736 | D:3      | Reached XP level 6. HP: 38/38 MP: 6/6
  1755 | D:3      | Noticed sirJeffrey23's ghost (amateur OgGl)
  1756 | D:3      | Found a transporter.
  1819 | D:3      | Found a transporter.
  2406 | D:3      | Killed sirJeffrey23's ghost
  2407 | D:3      | Reached skill level 5 in Armour
  2407 | D:3      | Reached skill level 1 in Evocations
  2407 | D:3      | Reached XP level 7. HP: 11/44 MP: 7/7
  2411 | D:3      | Reached skill level 5 in Axes
  2687 | D:4      | Slain by a gnoll sergeant

Illustrated notes

Levels and vault maps discovered:
D:1:      lightli_arrival_isolated_outpost, layout_basic,
          corexii_item_surrounded_by_moat, hangedman_decor_points,
          roderic_serpentine_path, kennysheep_decorative_pillar,
          nicolae_eternal_life
D:2:      layout_basic
D:3:      layout_loops_corners, nicolae_uskayaw_murder_on_the_dancefloor,
          gammafunk_ghost_mausoleum, uniq_sigmund
D:4:      layout_rooms, fedhas_altar_3, mainiacjoe_overflow_small_starburst,
          serial_shops, nicolae_shop_bloodbath_and_beyond,
          nicolae_shop_behind_doors, nicolae_shop_window_shopping, uniq_ijyb,
          uniq_natasha, uniq_grinder

Skill      XL: |  1  2  3  4  5  6  7 |
---------------+----------------------+-----
Axes           | 2 3 4 5 |  5.2
Armour         | 4 5 |  5.2
Fighting       | 4 |  4.5
Shields        | 4 |  4.2
Evocations     | 1 |  1.9

Action                   |  1- 3 |  4- 6 |  7- 9 || total
-------------------------+-------+-------+-------++-------
Melee: War axe           |    83 |       |       ||    83
       Broad axe         |    19 |    43 |    14 ||    76
  Use: Scroll            |     7 |       |       ||     7
       Potion            |       |     3 |       ||     3
Armor: Scale mail        |    55 |    32 |     4 ||    91
       Plate armour      |       |       |    20 ||    20
Dodge: Dodged            |    71 |    38 |    10 ||   119
Block: Buckler           |    25 |    14 |     6 ||    45

Table legend: (Time is in decaauts)
 A = Elapsed time spent in this place.
 B = Non-inter-level travel time spent in this place.
 C = Inter-level travel time spent in this place.
 D = Time resting spent in this place.
 E = Time spent auto-exploring this place.
 F = Levels seen in this place.
 G = Mean time per level.
                   A        B        C        D        E       F      G
               +--------+--------+--------+--------+--------+-----+--------+
         Total |   2759 |   2515 |    244 |    150 |   1788 |   4 |  689.8 |
       Dungeon |   2759 |   2515 |    244 |    150 |   1788 |   4 |  689.8 |
               +--------+--------+--------+--------+--------+-----+--------+

Top non-repeatable levels by time:
     D:3: 1183 daAuts
     D:1: 995 daAuts
     D:2: 563 daAuts
     D:4: 17 daAuts
